 Dungeon Crawl Stone Soup version 0.20.0-14-g326068f (webtiles) character file.

22 skittles the Firebug (level 2, -2/20 HPs)
             Began as a Draconian Fire Elementalist on June 8, 2017.
             Slain by a goblin
             ... wielding a +0 dagger of venom
              (4 damage)
             ... on level 1 of the Dungeon.
             The game lasted 00:01:17 (839 turns).

skittles the Firebug (Draconian Fire Elementalist)   Turns: 839, Time: 00:01:17

Health: -2/20      AC:  4    Str: 10    XL:     2   Next: 68%
Magic:  0/5        EV: 12    Int: 15    God:
Gold:   55         SH:  0    Dex: 11    Spells: 4/5 levels left

rFire    . . .     SeeInvis .   d - +0 short sword
rCold    . . .     Gourm    .   (no shield)
rNeg     . . .     Faith    .   (armour unavailable)
rPois    .         Spirit   .   (helmet restricted)
rElec    .         Reflect  .   (no cloak)
rCorr    .         Harm     .   (no gloves)
MR       .....                  (no boots)
Stlth    ++........             (no amulet)
Regen    0.1/turn               (no ring)
MPRegen  0.1/turn               (no ring)

@: lethally poisoned (-2 -> -11), very slightly contaminated
A: unfitting armour, cold-blooded, AC +4
a: no special abilities


You were on level 1 of the Dungeon.
You were not hungry.

You visited 1 branch of the dungeon, and saw 1 of its levels.

You collected 55 gold pieces.

Inventory:

Hand Weapons
 d - a +0 short sword (weapon)
Scrolls
 e - a scroll of identify {unknown}
Books
 a - a book of Flames

   Spells                             Type                      Level
   a - Flame Tongue                   Conjuration/Fire             1
   b - Throw Flame                    Conjuration/Fire             2
   c - Conjure Flame                  Conjuration/Fire             3
   d - Inner Flame                    Hexes/Fire                   3
   e - Sticky Flame                   Conjuration/Fire             4
   f - Fireball                       Conjuration/Fire             5
Comestibles
 b - a bread ration
 c - a royal jelly


   Skills:
 - Level 1.7 Dodging
 - Level 1.7 Stealth
 - Level 2.0 Spellcasting
 + Level 2.1 Conjurations
 + Level 3.4 Fire Magic


You had 4 spell levels left.
You knew the following spells:

 Your Spells              Type           Power        Failure   Level  Hunger
a - Flame Tongue          Conj/Fire      #....        7%          1    #......


Dungeon Overview and Level Annotations

Branches:
Dungeon (1/15)

Altars:


Innate Abilities, Weirdness & Mutations

Your plain brown scales are hard. (AC +4)
You cannot fit into any form of body armour.
You are cold-blooded and may be slowed by cold attacks.


Message History

Casting: Flame Tongue
Confirm with . or Enter, or press ? or * to list all spells.
Aiming: Flame Tongue
Press: ? - help, Shift-Dir - straight line, f/p - goblin
Aim: a goblin, wielding a dagger of venom The flame tongue hits the goblin.
The goblin is moderately wounded.
The goblin hits you with a dagger of venom.
* * * LOW HITPOINT WARNING * * *
You are lethally poisoned!
Casting: Flame Tongue
Confirm with . or Enter, or press ? or * to list all spells.
Aiming: Flame Tongue
Press: ? - help, Shift-Dir - straight line, f/p - goblin
Aim: a goblin, wielding a dagger of venom (moderately wounded)
The flame tongue misses the goblin.
* * * LOW HITPOINT WARNING * * *
You feel sick.
The goblin hits you with a dagger of venom.
You die...

.##.# ######.########).#....#.
....######...# #......#......
...##...##...# #......#......
...##...##...####......#......
...++.........†...............
...##.......#####...##.##.#...
...##.......'...#.÷.##..#.#
............###.#...##..#.#
.#............#g@..###....#
.#............g###...#....#
########.......# #...###..#
#.......###...+....#
#####...+.....###..#
#.....####.......#
######................##
#................÷...>.#
#......)............†..# .#


You could see 2 goblins.

Vanquished Creatures
  An ooze (D:1)
  A dart slug (D:1)
  A leopard gecko (D:1)
  2 bats (D:1)
  A giant cockroach (D:1)
  A goblin (D:1)
  3 hobgoblins (D:1)
  A frilled lizard (D:1)
  2 kobolds (D:1)
  2 rats (D:1)
15 creatures vanquished.

Notes
Turn   | Place    | Note
-------+----------+-------------------------------------------
     0 | D:1      | skittles the Draconian Fire Elementalist began the quest for the Orb.
     0 | D:1      | Reached XP level 1. HP: 14/14 MP: 3/3
   343 | D:1      | Reached XP level 2. HP: 13/20 MP: 1/5
   839 | D:1      | Slain by a goblin

Skill      XL: |  1  2 |
---------------+-------+-----
Conjurations   | 2 |  2.1
Dodging        | |  1.7
Stealth        | |  1.7
Spellcasting   | |  2.0
Fire Magic     | |  3.4

Action                   || total
-------------------------++-------
Melee: Unarmed           ||    29
       Short sword       ||    19
       Tailslap          ||     1
 Cast: Flame Tongue      ||    19
Armor: Skin              ||    20
Dodge: Dodged            ||    50
